 Dungeon Crawl Stone Soup version 0.25.1-2-g60ff931df9 (webtiles) character file.

Game seed: 17951417859979701634

3081 hawla the Destroyer (level 9, -2/62 HPs)
             Began as a Yellow Draconian Conjurer on Nov 17, 2020.
             Was an Initiate of Vehumet.
             Killed from afar by Maggie (22 damage)
             ... with a bolt of fire
             ... on level 8 of the Dungeon.
             The game lasted 00:31:04 (10597 turns).

hawla the Destroyer (Yellow Draconian Conjurer)    Turns: 10597, Time: 00:31:05

Health: -2/62      AC: 10    Str: 10    XL:     9   Next: 58%
Magic:  6/17       EV: 12    Int: 19    God:    Vehumet [......]
Gold:   455        SH:  0    Dex: 12    Spells: 3/19 levels left

rFire    . . .     SeeInvis .   E - staff of poison
rCold    . . .     Gourm    .   (no shield)
rNeg     . . .     Faith    .   (armour unavailable)
rPois    +         Spirit   .   (helmet restricted)
rElec    .         Reflect  .   (no cloak)
rCorr    +         Harm     .   F - +0 pair of gloves
MR       +....                  v - +1 pair of boots
Stlth    ++........             (no amulet)
HPRegen  0.20/turn              q - ring of poison resistance
MPRegen  0.15/turn              y - ring of protection from magic

@: no status effects
A: spit acid, unfitting armour, cold-blooded, acid resistance, AC +7
a: Breathe Acid, Renounce Religion


You were on level 8 of the Dungeon.
You worshipped Vehumet.
Vehumet was noncommittal.
You were not hungry.

You visited 2 branches of the dungeon, and saw 9 of its levels.

You collected 455 gold pieces.

Inventory:

Missiles
 a - 12 poisoned darts (quivered)
 z - 11 boomerangs
 A - 5 silver boomerangs
Armour
 v - a +1 pair of boots (worn)
 F - a +0 pair of gloves (worn)
Magical Staves
 E - an uncursed staff of poison (weapon)
Jewellery
 p - a +6 ring of dexterity
 q - a ring of poison resistance (left hand)
 t - an uncursed ring of ice
 y - a ring of protection from magic (right hand)
Wands
 m - a wand of enslavement (4)
 x - a wand of digging (5)
 C - a wand of iceblast (15)
Scrolls
 g - 6 scrolls of remove curse
 i - 2 scrolls of magic mapping
 n - 9 scrolls of identify
 u - a scroll of torment {unknown}
 w - a scroll of silence {unknown}
 B - 3 scrolls of noise {unknown}
 D - a scroll of holy word {unknown}
 G - 2 scrolls of enchant armour {unknown}
 I - a scroll of blinking {unknown}
 J - a scroll of enchant weapon
Potions
 d - a potion of resistance
 e - a potion of heal wounds {unknown}
 f - 4 potions of flight
 h - a potion of curing
 j - a potion of ambrosia
 k - a potion of degeneration {unknown}
 l - a potion of stabbing
 r - 2 potions of brilliance
 H - 3 potions of mutation {unknown}
Comestibles
 b - 10 rations


   Skills:
 - Level 1.7 Dodging
 - Level 1.7 Stealth
 - Level 5.7 Spellcasting
 + Level 9.5 Conjurations
 - Level 8.3 Translocations
 + Level 1.3 Fire Magic


You had 3 spell levels left.
You knew the following spells:

 Your Spells              Type           Power        Failure   Level  Hunger
a - Magic Dart            Conj           ####         1%          1    None
b - Searing Ray           Conj           #####.       1%          2    None
c - Iskenderun's Mystic   Conj/Tloc      #####...     3%          4    ####...
d - Sticky Flame          Conj/Fire      ####....     12%         4    ####...
e - Fireball              Conj/Fire      ####......   34%         5    #####..

Your spell library contained the following spells:

 Spells                   Type           Power        Failure   Level  Hunger
 Foxfire                  Conj/Fire      ####         1%          1    None
 Conjure Flame            Conj/Fire      ####....     3%          3    ##.....
 Dazzling Flash           Conj/Hex       ###...       4%          3    ##.....
 Corona                   Hex            #......      12%         1    None
 Ensorcelled Hibernation  Hex/Ice        #.....       17%         2    None
 Inner Flame              Hex/Fire       #.......     26%         3    ##.....
 Confusing Touch          Hex            #.......     34%         3    ##.....
 Tukima's Dance           Hex            #.......     34%         3    ##.....
 Fulminant Prism          Conj/Hex       ###.......   16%         4    ####...


Dungeon Overview and Level Annotations

Branches:
Dungeon (8/15)             Temple (1/1) D:7
   Lair: D:8-11

Altars:
Ashenzari
Cheibriados
Dithmenos
Elyvilon
Fedhas
Gozag
Kikubaaqudgha
Makhleb
Nemelex Xobeh
Okawaru
Qazlal
Ru
Sif Muna
Trog
Uskayaw
Vehumet
Wu Jian
Xom
Yredelemnul
Zin
The Shining One
Lugonu

Shops:
D:5 =?*=}

Annotations:
D:8 Maggie


Innate Abilities, Weirdness & Mutations

You can spit globs of acid.
Your golden yellow scales are hard. (AC +7)
You cannot fit into any form of body armour.
You are cold-blooded and may be slowed by cold attacks.
You are resistant to acid. (rCorr)


Message History

Maggie burns!
The searing ray hits Maggie.
Maggie is heavily wounded.
Maggie burns!
Maggie zaps a wand.
The puff of flame hits you!
The searing ray hits Maggie but does no damage.
Maggie is heavily wounded.
Maggie burns!
Maggie points at you and mumbles some strange words.
The bolt of fire hits you!!
* * * LOW HITPOINT WARNING * * *
You feel better.
Maggie burns!
Maggie barely misses you.
As you read the scroll of fog, it crumbles to dust.
The scroll dissolves into smoke.
Maggie burns!
Maggie stops burning.
Maggie gestures at you while chanting. The bolt of fire misses you.
All of the chunks of flesh in your inventory have rotted away.
You feel better. Maggie casts a spell at you. The bolt of fire hits you!!
You die...

########.#.#.#. #.
...............# .
#######......###
#.########...........
#..........#.#####...
#.###...###.# ##.
#..#..#.....#
##..§####§§##
#...§§@§@§§.#
.......#######...#
##..... ##..# .......
.. ...#### ... ..


You could see Maggie.

Vanquished Creatures
  Grinder (D:4)
  Sigmund (D:4)
  Menkaure (D:5)
  3 sky beasts
  2 ice beasts (D:7)
  2 orc warriors
  A centaur (D:6)
  2 ogres
  2 bullfrogs
  Blork the orc (D:5)
  A water moccasin skeleton (D:4)
  A scorpion (D:6)
  4 killer bees (D:8)
  3 wights (D:6)
  2 crimson imps
  2 jellies
  4 orc priests
  2 bullfrog skeletons (D:5)
  4 hounds
  An iguana (D:4)
  A centaur skeleton (D:7)
  9 orc wizards
  3 worker ants
  A hound skeleton (D:4)
  4 gnolls (D:6)
  A worker ant zombie (D:6)
  8 adders
  An ooze (D:1)
  4 worms
  5 dart slugs
  12 leopard geckos
  30 orcs
  4 giant cockroaches
  9 goblins
  10 hobgoblins
  17 jackals
  9 kobolds
  2 quokkas
  3 ball pythons
  6 bats
  9 frilled lizards
  A quokka skeleton (D:5)
  A quokka zombie (D:5)
  5 rats
  2 demonic plants (Temple)
197 creatures vanquished.

Vanquished Creatures (others)
  An adder (D:5)
  A leopard gecko (D:5)
  2 orcs (D:5)
4 creatures vanquished.

Grand Total: 201 creatures vanquished

Notes
Turn   | Place    | Note
-------+----------+-------------------------------------------
     0 | D:1      | hawla the Draconian Conjurer began the quest for the Orb.
     0 | D:1      | Reached XP level 1. HP: 14/14 MP: 3/3
   423 | D:1      | Reached XP level 2. HP: 20/20 MP: 2/5
   429 | D:1      | Learned a level 2 spell: Searing Ray
   531 | D:1      | Found a glowing silver altar of Zin.
   857 | D:1      | Reached XP level 3. HP: 26/26 MP: 4/7
  1823 | D:2      | Reached XP level 4. HP: 33/33 MP: 6/10
  1831 | D:2      | Learned a level 4 spell: Iskenderun's Mystic Blast
  1875 | D:2      | Found an ornate altar of the Wu Jian Council.
  1919 | D:2      | Found a white marble altar of Elyvilon.
  2111 | D:2      | Found a radiant altar of Vehumet.
  2206 | D:2      | Found a sparkling altar of Nemelex Xobeh.
  2431 | D:2      | Reached skill level 1 in Translocations
  2746 | D:2      | Found a blossoming altar of Fedhas.
  2749 | D:2      | Found an ancient bone altar of Kikubaaqudgha.
  3086 | D:3      | Reached XP level 5. HP: 38/38 MP: 1/11
  3293 | D:3      | Found a snail-covered altar of Cheibriados.
  3832 | D:4      | You fall into a shaft and drop 2 floors!
  3864 | D:6      | Noticed an ogre
  3869 | D:6      | Found an iron altar of Okawaru.
  3873 | D:6      | Killed an ogre
  3873 | D:6      | Reached skill level 5 in Conjurations
  3959 | D:6      | Reached XP level 6. HP: 43/45 MP: 1/12
  4064 | D:6      | Found a basalt altar of Yredelemnul.
  4193 | D:6      | Noticed a sky beast
  4200 | D:6      | Killed a sky beast
  4481 | D:6      | Noticed a sky beast
  4489 | D:6      | Killed a sky beast
  4489 | D:6      | Reached skill level 6 in Conjurations
  4489 | D:6      | Your scales start taking on a golden yellow colour.
  4489 | D:6      | Reached XP level 7. HP: 50/50 MP: 3/13
  4489 | D:6      | Gained mutation: You are resistant to acid. (rCorr) [Yellow
                  | Draconian growth]
  4803 | D:5      | Entered Level 5 of the Dungeon
  4941 | D:5      | Found Simarir's Magic Scroll Boutique.
  5454 | D:4      | Reached skill level 5 in Translocations
  5768 | D:4      | Noticed Grinder
  5769 | D:4      | Noticed Sigmund
  5771 | D:4      | Reached skill level 7 in Conjurations
  5777 | D:4      | Paralysed by Grinder for 3 turns
  5782 | D:4      | Killed Grinder
  5782 | D:4      | Reached XP level 8. HP: 20/57 MP: 1/14
  5795 | D:4      | Killed Sigmund
  6593 | D:5      | Reached skill level 8 in Conjurations
  6779 | D:5      | Found Cyteoracu's Jewellery Shoppe.
  6797 | D:5      | Noticed Blork the orc
  6804 | D:5      | Killed Blork the orc
  7035 | D:5      | Found Tageud's General Store.
  7072 | D:5      | Found Bohur's Gadget Boutique.
  7128 | D:5      | Noticed Menkaure
  7153 | D:5      | Killed Menkaure
  7368 | D:5      | Found a bloodstained altar of Trog.
  7438 | D:5      | Found Qony's Jewellery Emporium.
  7492 | D:5      | Found a shimmering altar of Xom.
  7572 | D:6      | Got a scorched shortbow
  7692 | D:6      | Reached XP level 9. HP: 54/62 MP: 12/16
  8379 | D:7      | Reached skill level 5 in Spellcasting
  8747 | D:7      | Reached skill level 9 in Conjurations
  8869 | D:7      | Found a staircase to the Ecumenical Temple.
  9316 | D:7      | Found a stormy altar of Qazlal.
  9319 | D:7      | Found a shattered altar of Ashenzari.
  9633 | Temple   | Entered the Ecumenical Temple
  9812 | D:2      | Became a worshipper of Vehumet
 10348 | D:7      | Learned a level 4 spell: Sticky Flame
 10354 | D:7      | Learned a level 5 spell: Fireball
 10366 | D:8      | Reached skill level 1 in Fire Magic
 10582 | D:8      | Noticed Maggie
 10592 | D:8      | HP: 3/62 [Maggie/bolt of fire (23)]
 10597 | D:8      | Killed from afar by Maggie

Illustrated notes

Levels and vault maps discovered:
D:1:      dpeg_arrival_connections, layout_basic, minmay_hexomino_r4
D:2:      minmay_inner_zag, layout_rooms,
          grunt_temple_overflow_growth_and_decay,
          nicolae_overflow_quartered_altars
D:3:      layout_basic, cheibriados_altar_1
D:4:      layout_loops_ring, uniq_sigmund, uniq_grinder
D:5:      layout_rooms, bloody_trog, first_ration, serial_shops, shop, shop,
          kennysheep_little_box, shop, nicolae_shop_trees, xom_confusion_cloud,
          uniq_blork_the_orc, uniq_menkaure
D:6:      layout_basic, okawaru_trees_2, old_standard_altar,
          minmay_strange_pillars
D:7:      layout_loops_ring, chequers_temple_overflow_statue_of_worship,
          temple_doors_e
D:8:      layout_rooms, minmay_three_doors, uniq_maggie
Temple:   corrupted_temple

Skill      XL: |  1  2  3  4  5  6  7  8  9 |
---------------+----------------------------+-----
Spellcasting   | 3 4 5 |  5.7
Translocations | 1 3 4 6 7 8 |  8.3
Conjurations   | 5 6 7 8 9 |  9.5
Fire Magic     | 1 |  1.3
Dodging        | |  1.7
Stealth        | |  1.7

Action                   |  1- 3 |  4- 6 |  7- 9 || total
-------------------------+-------+-------+-------++-------
Melee: Unarmed           |    10 |       |       ||    10
       Tailslap          |     7 |       |    23 ||    30
       Dagger            |    21 |    11 |   157 ||   189
       Staff             |       |       |    10 ||    10
Throw: Dart              |       |     3 |     3 ||     6
 Cast: Magic Dart        |    43 |    61 |    84 ||   188
       Searing Ray       |     5 |    31 |    46 ||    82
       Iskenderun's Myst |       |     1 |    26 ||    27
       Fireball          |       |       |     2 ||     2
       Sticky Flame      |       |       |     2 ||     2
 Abil: Breathe Acid      |       |       |     4 ||     4
  Use: Scroll            |     6 |     6 |     4 ||    16
       Potion            |       |       |     7 ||     7
  Eat: Chunk             |     3 |     9 |    19 ||    31
       Ration            |       |       |     2 ||     2
Armor: Skin              |    10 |    12 |    82 ||   104
Dodge: Dodged            |    33 |    31 |   108 ||   172
